AoeStats
← Gordkach

Arabia

509132218Analyzed
1v1 RM · 8d ago on Sep 25, 2026· 62m 11s· 2 players
Game mode
Random Map
Map size
Tiny (2 player)
Population
200
Speed
Normal
Resources
Standard
Victory
Conquest
Starting age
Dark Age
Ending age
Imperial Age
RankedLock teamsTeams togetherTeam positionsShared explorationLock speedFull tech treeHidden civsTurbo modeCheats
Victory
Defeat
🇦🇷 Vietnamese · Argentina
451
+14
🇺🇸 Franks · United States
408
-14
king of the cardboard castle
7:50 Loom
10:16 Feudal Age
12:38 Double-Bit Axe
19:34 Forging
22:52 Castle Age
25:54 Scale Barding Armor
26:40 Husbandry
28:20 Chain Barding Armor
28:36 Iron Casting
31:49 Fletching
38:17 Wheelbarrow
38:06 Bodkin Arrow
42:04 Elite Skirmisher
47:23 Imperial Age
46:00 Padded Archer Armor
47:32 Hand Cart
51:14 Capped Ram
52:14 Bow Saw
53:42 Blast Furnace
52:07 Pikeman
55:30 Gold Mining
55:31 Stone Mining
56:00 Leather Archer Armor
61:20 Cavalier
Gordkach
0:46 Loom
11:03 Feudal Age
12:05 Horse Collar
12:13 Double-Bit Axe
15:17 Wheelbarrow
18:30 Bloodlines
29:41 Castle Age
31:08 Husbandry
33:32 Pikeman
36:30 Stone Mining
36:31 Gold Mining
36:40 Elite Skirmisher
38:49 Squires
44:08 Imperial Age
41:33 Town Watch
41:36 Crossbowman
42:26 Light Cavalry
45:07 Thumb Ring
50:18 Hand Cart
50:49 Ballistics
50:18 Imperial Skirmisher
52:33 Bow Saw
52:29 Heavy Plow
53:10 Elite Fire Lancer
56:26 Paper Money
Connection lost

Rejoining the realm…

Still unreachable

The connection could not be restored.

Session expired

The server has moved on; the page needs a fresh start.